 Dungeon Crawl Stone Soup version 0.32-a0-732-ga344392067 (webtiles) character file.

Game seed: 1326844514713306309

7 gimp the Trooper (level 2, 0/26 HPs)
             Began as a Coglin Wanderer on Mar 16, 2024.
             Slain by a hobgoblin (1 damage)
             ... on level 1 of the Dungeon.
             The game lasted 00:00:26 (153 turns).

gimp the Trooper (Coglin Wanderer)                   Turns: 153, Time: 00:00:27

Health: 0/26       AC:  3    Str: 12    XL:     2   Next: 4%
Magic:  3/3        EV:  9    Int: 10    God:
Gold:   16         SH:  4    Dex: 14    Spells: 2/3 levels left

rFire   . . .        a - +0 dagger {Jim}
rCold   . . .        b - +0 buckler
rNeg    . . .        d - +0 leather armour
rPois   .            (no helmet)
rElec   .            (no cloak)
rCorr   .            (no gloves)
SInv    .            (no boots)
Will    .....        (amulet unavailable)
Stlth   +            (ring unavailable)
HPRegen 0.24/turn    (ring unavailable)
MPRegen 0.08/turn    (no gizmo)

%: no passive effects
@: revved
A: off-hand wielding, slow wielding, warmup strikes, no jewellery
a: Invent Gizmo


You were on level 1 of the Dungeon.
You visited 1 branch of the dungeon, and saw 1 of its levels.

You collected 16 gold pieces.

Inventory:

Hand Weapons
 a - a +0 dagger (weapon) {Jim}
Armour
 b - a +0 buckler (worn)
 d - a +0 leather armour (worn)
Potions
 c - a potion of heal wounds
 e - a potion of lignification


   Skills:
 + Level 4.4 Fighting
 - Level 1.3 Shields
 - Level 1.0 Spellcasting
 - Level 1.7 Air Magic
 - Level 1.3 Evocations


You had 2 spell levels left.
You knew the following spells:

 Your Spells              Type           Power      Damage    Failure   Level
a - Shock                 Conj/Air       8%         1d3       41%         1

Your spell library contained the following spells:

 Spells                   Type           Power      Damage    Failure   Level
 Mercury Vapours          Alch/Air       4%         N/A       56%         2
 Vhi's Electric Charge    Tloc/Air       4%         N/A       99%         4


Dungeon Overview and Level Annotations

Branches:
Dungeon (1/15)

Altars:


Innate Abilities, Weirdness & Mutations

You can wield a second weapon in your off-hand.
It takes a long time for you to wield or remove held weapons.
Your first few attacks do less damage.
You cannot equip rings or amulets.


Message History

You closely miss the kobold.
The kobold hits you with a +0 short sword.
Your magical contamination has completely faded away.
You take 3 damage, and have 10/19 hp.
You hit the kobold.
The kobold is severely wounded.
The kobold hits you with a +0 short sword.
You take 3 damage, and have 7/19 hp.
You hit the kobold.
You kill the kobold!
Things that are here:
a +0 short sword; 2 stones Magic restored.
HP restored.
A hobgoblin comes into view.
Health restored: 19; MP restored: 2
Found a stone staircase leading down.
The hobgoblin shouts!
You hear an angry hiss.
You closely miss the hobgoblin. The hobgoblin hits you.
You take 1 damage, and have 18/19 hp.
You barely miss the hobgoblin. The hobgoblin completely misses you.
You closely miss the hobgoblin. The hobgoblin closely misses you.
Health restored: 19 You hit the hobgoblin but do no damage.
You block the hobgoblin's attack.
A frilled lizard comes into view.
You hit the frilled lizard.
You kill the frilled lizard!
The hobgoblin hits you but does no damage.
You hit the hobgoblin.
The hobgoblin is severely wounded.
The hobgoblin barely misses you.
You hit the hobgoblin.
The hobgoblin is almost dead.
The hobgoblin barely misses you.
You barely miss the hobgoblin.
The hobgoblin is almost dead.
The hobgoblin hits you.
You take 1 damage, and have 18/19 hp.
You hit the hobgoblin.
You kill the hobgoblin!
No target in view!
You see here a hobgoblin corpse.
Found a barding.
Health restored: 19
There is a stone staircase leading down here.
A rat comes into view.
A goblin comes into view. It is wielding a +0 dagger.
The goblin shouts!
The rat bites you.
A hobgoblin comes into view.
You take 2 damage, and have 17/19 hp.
The hobgoblin shouts!
You hit the rat.
You kill the rat!
A hobgoblin comes into view.
The hobgoblin shouts!
You hit the goblin.
The goblin is moderately wounded.
The goblin hits you but does no damage.
You hit the goblin.
The goblin is severely wounded.
The goblin hits you with a +0 dagger. You block the hobgoblin's attack.
You take 2 damage, and have 16/19 hp.
You barely miss the goblin.
The goblin is severely wounded.
The goblin hits you with a +0 dagger. You block the hobgoblin's attack.
You take 3 damage, and have 13/19 hp.
You hit the goblin.
You kill the goblin!
You block the hobgoblin's attack.
You hit the hobgoblin but do no damage. The hobgoblin hits you.
You take 1 damage, and have 13/20 hp.
You closely miss the hobgoblin. The hobgoblin hits you.
You take 1 damage, and have 12/20 hp.
You barely miss the hobgoblin. The hobgoblin hits you.
The hobgoblin completely misses you.
You take 2 damage, and have 10/20 hp.
You are too injured to fight recklessly!
You are too injured to fight recklessly!
You are too injured to fight recklessly!
You hit the hobgoblin but do no damage. The hobgoblin closely misses you.
You block the hobgoblin's attack.
You hit the hobgoblin.
The hobgoblin is heavily wounded.
The hobgoblin closely misses you.
The hobgoblin hits you but does no damage.
You closely miss the hobgoblin.
The hobgoblin is heavily wounded.
The hobgoblin hits you. x2
* * * LOW HITPOINT WARNING * * *
You take 5 damage, and have 5/20 hp.
MASSIVE DAMAGE!!
You hit the hobgoblin.
You kill the hobgoblin!
The hobgoblin hits you.
* * * LOW HITPOINT WARNING * * *
You have reached level 2!
You take 4 damage, and have 1/26 hp.
MP restored: 3 You barely miss the hobgoblin.
The hobgoblin hits you.
You die...

.. .. #############
.# #............ ..#
###..........####.#
##............##...
..............#..###
................†..#
......g@........##.#
.......[.....>####.#
..............# #.#
##............# #.#
#####.#####.## #.#
#. ..# #.# #. ..##
##.# ## ..# #..# #.
..## ##.##


You could see a hobgoblin.

Vanquished Creatures
  A goblin (D:1)
  2 hobgoblins (D:1)
  2 kobolds (D:1)
  A frilled lizard (D:1)
  A rat (D:1)
7 creatures vanquished.

Notes
Turn   | Place    | Note
-------+----------+-------------------------------------------
     0 | D:1      | gimp the Coglin Wanderer began the quest for the Orb.
     0 | D:1      | gimp set off with the following items: a +0 dagger {Jim}, a
                  | +0 buckler, a potion of heal wounds, a +0 leather armour, a
                  | potion of lignification; and the following spell memorised:
                  | Shock; and the following spells available to memorise:
                  | Mercury Vapours, Vhi's Electric Charge.
     0 | D:1      | Reached XP level 1. HP: 19/19 MP: 2/2
   152 | D:1      | HP: 1/20 [hobgoblin (4)]
   153 | D:1      | Reached XP level 2. HP: 1/26 MP: 3/3
   153 | D:1      | Slain by a hobgoblin

Illustrated notes

Levels and vault maps discovered:
D:1:      lemuel_arrival_river_bridge, layout_rooms, minmay_fountain_box

Action                     || total
---------------------------++-------
  Melee: Dagger            ||    35
   Cast: Shock             ||     1
 Armour: Leather armour    ||    21
  Dodge: Dodged            ||    10
  Block: Buckler           ||     8

Table legend: (Time is in decaauts)
 A = Elapsed time spent in this place.
 B = Non-inter-level travel time spent in this place.
 C = Inter-level travel time spent in this place.
 D = Time resting spent in this place.
 E = Time spent auto-exploring this place.
 F = Levels seen in this place.
 G = Mean time per level.
                   A        B        C        D        E       F      G
               +--------+--------+--------+--------+--------+-----+--------+
         Total |    154 |    154 |      0 |      0 |     99 |   1 |  154.0 |
       Dungeon |    154 |    154 |      0 |      0 |     99 |   1 |  154.0 |
               +--------+--------+--------+--------+--------+-----+--------+

Top non-repeatable levels by time:
     D:1: 154 daAuts
